 Dungeon Crawl Stone Soup version 0.31-a0-325-g067879e3d3 (webtiles) character file.

Game seed: 6310256725592491238

3965 LustLizard the Grappler (level 10, -1/61 (63) HPs)
             Began as an Octopode Shapeshifter on July 19, 2023.
             Was a Priest of Hepliaklqana.
             Slain by a wight
             ... wielding a +3 battleaxe of freezing
              (14 damage)
             ... on level 7 of the Dungeon.
             The game lasted 00:12:09 (6149 turns).

LustLizard the Grappler (Octopode Shapeshifter)     Turns: 6149, Time: 00:12:09

HP:   -1/61 (63)    AC:  1    Str: 19    XL:     10   Next: 22%
MP:   12/12         EV: 13    Int: 10    God:    Hepliaklqana [***...]
Gold: 429           SH:  0    Dex: 19    Spells: 9/9 levels left

rFire   . .          .
                       - Unarmed
rCold   . . .        (no shield)
rNeg    . . .        (helmet currently unavailable)
rPois   .            (no amulet)
rElec   .            k - ring of see invisible
rCorr   .            m - +6 ring of dexterity
SInv    +            (no ring)
Will    .....        (no ring)
Stlth   +++          (no ring)
HPRegen 0.30/turn    (no ring)
MPRegen 0.13/turn    (no ring)
                     (no ring)

%: no passive effects
@: beast-form, lightly drained
A: beast (slay +4), reduced essence, almost no armour, amphibious, 8 rings,
camouflage 1, gelatinous body 1, (nimble swimmer 1), tentacles
a: Begin Untransformation, Renounce Religion, Recall Ancestor, Ancestor
Identity, Transference


You were on level 7 of the Dungeon.
You worshipped Hepliaklqana.
Hepliaklqana was most pleased with you.
You were a hulking beast.
You visited 1 branch of the dungeon, and saw 7 of its levels.
You also visited: Sewer and Ossuary.

You collected 429 gold pieces.

Inventory:

Jewellery
 k - a ring of see invisible (left tentacle)
 m - a +6 ring of dexterity (right tentacle)
Talismans
 b - a beast talisman
 h - a blade talisman
 w - a maw talisman
 z - a granite talisman
Wands
 e - a wand of flame (35)
 i - a wand of digging (5)
 j - a wand of roots (13)
 n - a wand of polymorph (9)
 C - a wand of paralysis (5)
Scrolls
 f - a scroll of immolation
 g - 2 scrolls of noise {unknown}
 l - 2 scrolls of enchant armour {unknown}
 o - 2 scrolls of fear {unknown}
 p - 2 scrolls of enchant weapon {unknown}
 q - 2 scrolls of brand weapon {unknown}
 r - 2 scrolls of blinking
 s - 2 scrolls of fog {unknown}
 y - 3 scrolls of revelation {unknown}
 A - 2 scrolls of torment
 B - 2 scrolls of teleportation
Potions
 a - 2 potions of lignification
 c - 6 potions of curing
 t - a potion of mutation
 u - a potion of might
 v - 2 potions of cancellation
 x - a potion of berserk rage


   Skills:
 + Level 7.2 Fighting
 - Level 2.0 Dodging
 * Level 10.2 Unarmed Combat
 - Level 3.8 Invocations
 + Level 6.6 Shapeshifting


You had 9 spell levels left.
You didn't know any spells.
Your spell library contained the following spells:

 Spells                   Type           Power      Damage    Failure   Level
 Sandblast                Erth           0%         2d4       36%         1
 Passwall                 Tmut/Erth      0%         N/A       50%         2
 Stone Arrow              Conj/Erth      0%         3d7       75%         3
 Summon Guardian Golem    Hex/Summ       0%         N/A       75%         3
 Olgreb's Toxic Radiance  Pois           0%         N/A       98%         4
 Orb of Destruction       Conj           0%         9d5       100%        7
 Spellforged Servitor     Conj/Summ      0%         N/A       100%        7
 Discord                  Hex            0%         N/A       100%        8
 Ignition                 Fire           0%         3d3       100%        8


Dungeon Overview and Level Annotations

Branches:
Dungeon (7/15)             Temple (0/1) D:5           Sewer (visited)
Ossuary (visited)

Altars:
Hepliaklqana

Shops:
D:4 !

Annotations:
D:5 3 runed translucent doors, pigah's ghost, novice OpSh


Innate Abilities, Weirdness & Mutations

You are a hulking beast.
Your limbs bulge with bestial killing power. (Slay +4)
Your life essence is reduced to manifest your ancestor. (-10% HP)
You cannot wear most types of armour.
You are amphibious.
You can wear up to eight rings at the same time.
Your skin changes colour to match your surroundings (Stealth+).
Your rubbery body absorbs attacks. (AC +1, EV +1)
((You are camouflaged when in or above water. (Stealth+)))
You have tentacles for arms and can constrict up to eight enemies at once.


Message History

The gnoll hits Mbali with a +0 flail!
Mbali hits the gnoll with a +0 quarterstaff!
The gnoll dies!
Something hits Mbali!
There is a stone staircase leading up here.
You start resting.
A wight comes into view. It is wielding a +0 mace.
Mbali hits the wight with a +0 quarterstaff!!
The wight is destroyed!
A wight comes into view. It is wielding a +0 morningstar.
Mbali points at the wight and mumbles some strange words.
The puff of frost misses the wight.
A wight comes into view.
It is wielding a +3 battleaxe of freezing.
Mbali hits the wight with a +0 quarterstaff!!
The wight is destroyed!
Mbali barely misses the wight.
Mbali gestures at the wight while chanting.
The puff of frost hits the wight.
The wight completely resists.
You climb upwards.
There is a stone staircase leading down here.
Mbali is recalled.
Magic restored.
Key pressed, stopping explore.
You climb downwards.
The wight hits you with a +3 battleaxe of freezing!
You feel drained. The wight freezes you. The wight barely misses you.
There is a stone staircase leading up, spattered with blood here.
You barely miss the wight. You grab the wight.
You constrict the wight, but do no damage.
You tentacle-slap the wight but do no damage.
You constrict the wight.
The wight hits you with a +3 battleaxe of freezing!!
The wight freezes you!
* * * LOW HITPOINT WARNING * * *
The wight hits Mbali with a +3 battleaxe of freezing!
You tentacle-slap the wight.
The wight is lightly damaged.
You constrict the wight.
Mbali completely misses the wight.
The wight hits you with a +3 battleaxe of freezing!
You die...

#.........#......
#.......†.##[####.##
#.........).$......#
#.......)###[.#####
#........#........#
##########........#
#........#
#zR......#
#.h......#
##########


You could see the friendly Mbali the battlemage and a wight (ally target).

Vanquished Creatures
  Sigmund (D:5)
  3 yaks (D:6)
  A water moccasin (D:4)
  A lemure (D:4)
  2 phantoms (D:5)
  2 bullfrogs (D:6)
  2 scorpions
  2 water moccasin zombies (Ossuary)
  4 wights (D:6)
  Dowan (D:5)
  A jelly (D:6)
  A gnoll bouda (D:7)
  A sleepcap (D:7)
  3 iguanas
  An orc wizard (D:6)
  A mummy (Ossuary)
  2 gnolls
  10 adders
  3 river rats
  2 shadow imps (D:6)
  2 ufetubi
  A worm (D:2)
  3 dart slugs
  8 orcs
  6 ball pythons
  5 endoplasms
  A giant cockroach (D:4)
  7 hobgoblins
  12 jackals
  5 kobolds
  2 quokkas
  3 bats (D:1)
  4 frilled lizards
  2 gnoll zombies (Ossuary)
  A goblin (D:4)
  2 hobgoblin zombies (Ossuary)
  3 kobold zombies (Ossuary)
  4 orc zombies (Ossuary)
  10 rats
  A rat zombie (D:4)
126 creatures vanquished.

Vanquished Creatures (collateral kills)
  Pikel (D:5)
  Grinder (D:5)
  Prince Ribbit (D:5)
  A yak (D:6)
  Duvessa (D:5)
  An orc warrior (D:6)
  An ice beast (D:6)
  A black bear (D:5)
  A centaur (D:6)
  A phantom (D:4)
  Blork the orc (D:5)
  A bullfrog (D:5)
  2 water moccasin zombies (Ossuary)
  2 wights (D:7)
  3 jellies
  Ijyb (D:3)
  An orc wizard (D:6)
  A mummy (Ossuary)
  An adder (D:5)
  4 gnolls
  A shadow imp (D:6)
  A white imp (D:7)
  An adder zombie (Ossuary)
  A dart slug (D:3)
  4 orcs
  A ball python (D:2)
  An endoplasm (D:3)
  2 giant cockroaches
  A gnoll zombie (Ossuary)
  A hobgoblin (D:2)
  2 jackals
  2 kobolds
  A quokka (D:5)
  A bat (D:3)
  3 frilled lizards (Sewer)
  2 hobgoblin zombies (Ossuary)
  2 kobold zombies (Ossuary)
  2 orc zombies (Ossuary)
  A quokka zombie (D:4)
  2 rats
59 creatures vanquished.

Vanquished Creatures (others)
  A battlemage (D:5)
  An ancestor (D:2)
2 creatures vanquished.

Grand Total: 187 creatures vanquished

Notes
Turn   | Place    | Note
-------+----------+-------------------------------------------
     0 | D:1      | LustLizard the Octopode Shapeshifter began the quest for
                  | the Orb.
     0 | D:1      | Reached XP level 1. HP: 14/14 MP: 1/1
   261 | D:1      | Reached XP level 2. HP: 19/19 MP: 2/2
   493 | D:1      | Found a faded altar of an unknown god.
   527 | D:1      | Prayed at the altar of an unknown god.
   527 | D:1      | Became a worshipper of Hepliaklqana the Forgotten
   527 | D:1      | Reached * piety under Hepliaklqana
  1089 | D:2      | Reached XP level 3. HP: 14/22 MP: 3/3
  1356 | D:2      | Reached skill level 3 in Unarmed Combat
  1393 | D:2      | Reached skill level 1 in Invocations
  1398 | D:2      | Reached XP level 4. HP: 18/27 MP: 4/4
  1451 | D:2      | Identified the +1 whip "Leidycra" {drain, Int-2 Dex+6}
  1697 | D:3      | Reached ** piety under Hepliaklqana
  1698 | D:3      | Remembered your ancestor Mbali as a battlemage
  1820 | D:3      | Noticed Ijyb
  1831 | D:3      | Killed Ijyb
  2043 | D:3      | Reached XP level 5. HP: 31/32 MP: 6/6
  2268 | D:4      | Found a sand-covered staircase.
  2279 | Ossuary  | Entered an ossuary
  2297 | Ossuary  | Reached skill level 4 in Unarmed Combat
  2317 | Ossuary  | Reached XP level 6. HP: 19/37 MP: 7/7
  2560 | D:4      | Reached XP level 7. HP: 33/41 MP: 9/9
  2603 | D:4      | Reached skill level 5 in Unarmed Combat
  2611 | D:4      | Found a glowing drain.
  2618 | Sewer    | Entered a sewer
  3169 | D:4      | Found Myuffock's Distillery.
  3338 | D:5      | Entered Level 5 of the Dungeon
  3342 | D:5      | Noticed Pikel
  3609 | D:5      | Noticed Duvessa
  3609 | D:5      | Noticed Prince Ribbit
  3643 | D:5      | Noticed Blork the orc
  3655 | D:5      | Killed Blork the orc
  3816 | D:5      | Found a staircase to the Ecumenical Temple.
  3822 | D:5      | Reached skill level 6 in Unarmed Combat
  3822 | D:5      | Reached XP level 8. HP: 48/48 MP: 10/10
  3873 | D:5      | Killed Pikel
  3874 | D:5      | Reached skill level 5 in Fighting
  3874 | D:5      | Reached skill level 7 in Unarmed Combat
  3986 | D:5      | Reached *** piety under Hepliaklqana
  3986 | D:5      | Found a runed translucent gate.
  3986 | D:5      | Found a runed translucent gate.
  3986 | D:5      | Found a runed translucent gate.
  3988 | D:5      | Identified the +10 short sword of Excruciating Pain
                  | {freeze, Dex+2}
  3988 | D:5      | Noticed pigah's ghost (novice OpSh)
  3991 | D:5      | Noticed Sigmund
  3996 | D:5      | Killed Sigmund
  3997 | D:5      | Reached skill level 5 in Shapeshifting
  4202 | D:5      | Noticed Grinder
  4209 | D:5      | Paralysed by Grinder for 5 turns
  4211 | D:5      | Killed Grinder
  4212 | D:5      | Reached XP level 9. HP: 50/55 MP: 11/11
  4246 | D:5      | Reached skill level 8 in Unarmed Combat
  4340 | D:5      | Killed Duvessa
  4341 | D:5      | Noticed Dowan
  4348 | D:5      | Killed Dowan
  4351 | D:5      | Killed Prince Ribbit
  4535 | D:5      | Identified the +5 chain mail of Forking Paths {Str+6 Dex+3}
  4687 | D:6      | Reached skill level 9 in Unarmed Combat
  5215 | D:6      | Reached XP level 10. HP: 62/62 MP: 12/12
  5502 | D:6      | Reached skill level 10 in Unarmed Combat
  6149 | D:7      | Slain by a wight

Illustrated notes

Levels and vault maps discovered:
D:1:      kilobyte_arrival_exit_the_forest, layout_basic,
          shapermc_ecumenical_altar_mp_vishouse, minmay_hedge_maze
D:2:      layout_rooms, serial_forest, infiniplex_forest_end_3,
          infiniplex_forest_lined_2, infiniplex_forest_end_1,
          infiniplex_forest_end_1, infiniplex_forest_clump_small,
          infiniplex_forest_lined_3, infiniplex_forest_lined_2,
          minmay_stone_trees_small
D:3:      layout_rooms, uniq_ijyb
D:4:      layout_loops_ring, gup_sewer_entry_bubbles, enter_ossuary_4,
          serial_shops, nicolae_shop_rolling_square
D:5:      layout_rooms, minmay_temple_entry_arrows, biasface_ghost_orc_armoury,
          uniq_blork_the_orc, uniq_sigmund, uniq_duvessa, uniq_grinder,
          uniq_prince_ribbit1, uniq_pikel
D:6:      layout_basic, serial_glass, glass_columns_a, glass_columns_c,
          glass_columns_a, glass_columns_a, glass_columns_a, glass_columns_a,
          kennysheep_small_circle
D:7:      layout_rooms, nicolae_qazlal_beasts_of_the_sky, wad_mini_maze

Skill      XL: |  1  2  3  4  5  6  7  8  9 10 |
---------------+-------------------------------+-----
Unarmed Combat | 3 4 6 7 9 10 | 10.2
Invocations    | 1 2 3 |  3.8
Fighting       | 3 4 5 6 7 |  7.2
Shapeshifting  | 4 5 6 |  6.6
Dodging        | |  2.0

Action                     |  1- 3 |  4- 6 |  7- 9 | 10-12 || total
---------------------------+-------+-------+-------+-------++-------
  Melee: Unarmed           |    50 |    77 |    93 |    32 ||   252
         Constrict         |    14 |    34 |    28 |    12 ||    88
         Tentacles         |    13 |    21 |    29 |     5 ||    68
         Punch             |     2 |     1 |     8 |     3 ||    14
 Invoke: Ancestor Life: Ba |       |     1 |       |       ||     1
         Recall Ancestor   |       |       |       |     1 ||     1
    Use: Scroll            |       |       |     8 |     4 ||    12
   Stab: Sleeping          |     7 |     5 |    11 |     3 ||    26
         Distracted        |       |       |       |     1 ||     1
 Armour: Skin              |     3 |     8 |     4 |       ||    15
  Dodge: Dodged            |    29 |    49 |    41 |    11 ||   130

Table legend: (Time is in decaauts)
 A = Elapsed time spent in this place.
 B = Non-inter-level travel time spent in this place.
 C = Inter-level travel time spent in this place.
 D = Time resting spent in this place.
 E = Time spent auto-exploring this place.
 F = Levels seen in this place.
 G = Mean time per level.
                   A        B        C        D        E       F      G
               +--------+--------+--------+--------+--------+-----+--------+
         Total |   6121 |   5853 |    268 |    392 |   4134 |   9 |  680.1 |
       Dungeon |   5643 |   5375 |    268 |    392 |   3919 |   7 |  806.1 |
         Sewer |    317 |    317 |      0 |      0 |    215 |   1 |  317.0 |
       Ossuary |    160 |    160 |      0 |      0 |      0 |   1 |  160.0 |
               +--------+--------+--------+--------+--------+-----+--------+

Top non-repeatable levels by time:
     D:6: 1523 daAuts
     D:5: 1055 daAuts
     D:1: 1011 daAuts
     D:4: 899 daAuts
     D:2: 667 daAuts
     D:3: 442 daAuts
   Sewer: 317 daAuts
 Ossuary: 160 daAuts
     D:7: 45 daAuts
